cohdb
Replays
Latest Replays
All Replays
Popular Replays
Top Player Replays
Match Explorer
How It Works
Community
CoH3 Stats
Reddit
Sign in to upload your games and track your stats! →
Sign in with Steam
Match 45112664
Unlisted
Match 45112664
Overview
Messages
Build Orders
End
Kradschützen Motorcycle Team
250 Light Carrier
Selects Battlefield Espionage Battlegroup
Panzergrenadier Squad
Panzergrenadier Squad
Panzergrenadier Squad
Construct Light Support Kompanie
Fire Support Elements
Flakvierling Half-track
Selects Intel Disruption Beacon
Pak 38 Mechanized Group
Selects 250/3 Funkpanzerwagen
Selects Anti-Tank Incendiary Munitions
MG34 Team
Selects Plunder
Pak 38 Anti-tank Gun Team
Construct Panzerarmee Kommand
Basecoh3 @ Youtube
Billy Mitchell
Bego
NotQuiteAKing
0
0
Comments
sign in to comment!
No comments posted yet!